 Dungeon Crawl Stone Soup version 0.29.1-12-g30fa7ad0bf (webtiles) character file.

Game seed: 1121993112889365441

63 xian the Shooter (level 4, 0/28 HPs)
             Began as a Kobold Hunter on Jan 7, 2023.
             Slain by a gnoll bouda
             ... wielding a +0 club
              (6 damage)
             ... on level 3 of the Dungeon.
             The game lasted 00:03:12 (2077 turns).

xian the Shooter (Kobold Hunter)                    Turns: 2077, Time: 00:03:12

Health: 0/28       AC:  3    Str: 10    XL:     4   Next: 30%
Magic:  4/4        EV: 15    Int: 10    God:
Gold:   60         SH:  0    Dex: 18    Spells: 3/3 levels left

rFire   . . .      SeeInvis .   a - +0 shortbow
rCold   . . .      Faith    .   (shield currently unavailable)
rNeg    . . .      Spirit   .   c - +0 leather armour
rPois   .          Reflect  .   (no helmet)
rElec   .          Harm     .   (no cloak)
rCorr   .          Rampage  .   (no gloves)
Will    .....                   (no boots)
Stlth   +++.......              (no amulet)
HPRegen 0.09/turn               (no ring)
MPRegen 0.09/turn               (no ring)

@: weakened, flying
A: small, no large weapons, nightstalker 3
a: no special abilities


You were on level 3 of the Dungeon.
You visited 1 branch of the dungeon, and saw 3 of its levels.

You collected 60 gold pieces.

Inventory:

Hand Weapons
 a - a +0 shortbow (weapon)
 f - a +1 dagger of venom
Armour
 c - a +0 leather armour (worn)
Jewellery
 e - a ring of positive energy
Scrolls
 b - a scroll of immolation
 h - 2 scrolls of enchant weapon {unknown}
 i - a scroll of teleportation {unknown}
 k - 2 scrolls of poison {unknown}
 m - a scroll of summoning {unknown}
 n - a scroll of magic mapping {unknown}
 o - a scroll of identify {unknown}
Potions
 g - 2 potions of curing
 l - 2 potions of invisibility {unknown}


   Skills:
 + Level 3.0 Fighting
 + Level 6.4 Ranged Weapons
 + Level 0.5 Armour
 + Level 2.8 Dodging
 + Level 1.5 Stealth


You had 3 spell levels left.
You didn't know any spells.
Your spell library contained the following spells:

 Spells                   Type           Power      Damage    Failure   Level
 Magic Dart               Conj           0%         1d3       45%         1
 Searing Ray              Conj           0%         2d4       61%         2
 Frozen Ramparts          Ice            0%         1d1       83%         3
 Fulminant Prism          Conj/Hex       0%         3d6       99%         4
 Ice Form                 Ice/Tmut       0%         N/A       99%         4
 Summon Ice Beast         Ice/Summ       0%         N/A       99%         4


Dungeon Overview and Level Annotations

Branches:
Dungeon (3/15)

Altars:
Ru


Innate Abilities, Weirdness & Mutations

You are small and have problems with some larger weapons.
You are completely attuned to the shadows.


Message History

You shoot an arrow.
The arrow hits the gnoll bouda but does no damage.
The gnoll bouda gazes fiercely through you!
You feel as though you will be weak longer.
Fire: a) +0 shortbow
Press: ? - help, Q - select action Shift-Dir - straight line, f/p - gnoll bouda
Aim: a gnoll bouda, wielding a +0 club and wearing a +0 leather armour (69% to hit)
You shoot an arrow. The arrow hits the gnoll bouda.
The gnoll bouda is lightly wounded.
The gnoll bouda barks out a call to the hunt!
The gnoll picks up the pace!
Fire: a) +0 shortbow
Press: ? - help, Q - select action Shift-Dir - straight line, f/p - gnoll bouda
Aim: a gnoll bouda, wielding a +0 club and wearing a +0 leather armour (lightly wounded, 69% to hit)
You shoot an arrow.
The arrow hits the gnoll bouda but does no damage.
The gnoll bouda is lightly wounded.
The gnoll bouda hits you with a +0 club.
A gnoll comes into view. It is wielding a +0 spear.
Fire: a) +0 shortbow
Press: ? - help, Q - select action Shift-Dir - straight line, f/p - gnoll bouda
Aim: a gnoll bouda, wielding a +0 club and wearing a +0 leather armour (lightly wounded, 69% to hit)
You shoot an arrow.
The arrow hits the gnoll bouda but does no damage.
The gnoll bouda is lightly wounded.
The gnoll is no longer moving quickly. x2
The gnoll bouda gazes fiercely through you!
You feel as though you will be weak longer.
The gnoll bouda hits you with a +0 club!
* * * LOW HITPOINT WARNING * * *
Unknown command.
Unknown command.
Fire: a) +0 shortbow
Press: ? - help, Q - select action Shift-Dir - straight line, f/p - gnoll bouda
Aim: a gnoll bouda, wielding a +0 club and wearing a +0 leather armour (lightly wounded, 69% to hit)
You shoot an arrow. The arrow hits the gnoll bouda.
The gnoll bouda is heavily wounded.
The gnoll closely misses you.
The gnoll bouda hits you with a +0 club.
You die...

..# ###..#
##....#
###########......
....@ggg.....PPPP
....g#####g.P...g
.....# #.PP....
.....#####....P.P
...........P....P
...........PPP.
............PP.
.#####.######....
.......# .#..


You could see a gnoll bouda and 3 gnolls.

Vanquished Creatures
  A gnoll (D:3)
  An adder (D:2)
  A worm (D:2)
  A dart slug (D:1)
  An orc (D:3)
  3 endoplasms (D:1)
  4 giant cockroaches
  4 goblins
  3 hobgoblins
  A quokka (D:1)
  4 ball pythons
  3 bats
  2 frilled lizards (D:2)
  6 kobolds
  2 rats
37 creatures vanquished.

Vanquished Creatures (others)
  6 plants (D:3)
6 creatures vanquished.

Grand Total: 43 creatures vanquished

Notes
Turn   | Place    | Note
-------+----------+-------------------------------------------
     0 | D:1      | xian the Kobold Hunter began the quest for the Orb.
     0 | D:1      | Reached XP level 1. HP: 12/12 MP: 1/1
   296 | D:1      | Found a faded altar of an unknown god.
   356 | D:1      | Reached XP level 2. HP: 18/18 MP: 2/2
   937 | D:2      | Reached XP level 3. HP: 19/22 MP: 3/3
  1081 | D:2      | Found a sacrificial altar of Ru.
  1271 | D:2      | Reached skill level 6 in Ranged Weapons
  1860 | D:3      | Reached XP level 4. HP: 27/27 MP: 4/4
  2077 | D:3      | Slain by a gnoll bouda

Illustrated notes

Levels and vault maps discovered:
D:1:      dreamdust_arrival_sigmund_warning, layout_basic, serial_curves,
          eino_curves_01, eino_curves_01, nicolae_ecumenical_lake_church,
          hangedman_decor_lopped, st_stairs_2, corner_web_ring
D:2:      layout_loops_ring, basic_altar
D:3:      layout_basic, gammafunk_temple_overflow_elements,
          nicolae_grassy_gnolls

Skill      XL: |  1  2  3  4 |
---------------+-------------+-----
Ranged Weapons | 6 |  6.4
Fighting       | 3 |  3.0
Armour         | |  0.5
Dodging        | |  2.8
Stealth        | |  1.5

Action                   |  1- 3 |  4- 6 || total
-------------------------+-------+-------++-------
 Fire: Shortbow          |    68 |    16 ||    84
  Use: Potion            |       |     3 ||     3
Armor: Leather armour    |     4 |       ||     4
Dodge: Dodged            |    28 |     9 ||    37
